 Dungeon Crawl Stone Soup version 0.30.0-5-g1a98f26d00 (webtiles) character file.

Game seed: 1963878245285359900

35 SnakkuSnakku7 the Cudgeller (level 3, 0/29 HPs)
             Began as a Human Cinder Acolyte on May 13, 2023.
             Was a High Priest of Ignis.
             Slain by a quokka (3 damage)
             ... on level 2 of the Dungeon.
             The game lasted 00:01:31 (1009 turns).

SnakkuSnakku7 the Cudgeller (Human Cinder Acolyte)  Turns: 1009, Time: 00:01:32

Health: 0/29       AC:  2    Str: 16    XL:     3   Next: 55%
Magic:  4/4        EV: 11    Int: 14    God:    Ignis [*****.]
Gold:   52         SH:  0    Dex:  8    Spells: 4/4 levels left

rFire   + . .        a - -1 mace (flame)
rCold   . . .        (no shield)
rNeg    . . .        b - +0 robe
rPois   .            (no helmet)
rElec   .            (no cloak)
rCorr   .            (no gloves)
SInv    .            (no boots)
Will    .....        (no amulet)
Stlth   +            (no ring)
HPRegen 0.24/turn    (no ring)
MPRegen 0.09/turn

%: no passive effects
@: no status effects
A: no striking features
a: Renounce Religion, Fiery Armour, Foxfire Swarm, Rising Flame


You were on level 2 of the Dungeon.
You worshipped Ignis.
Ignis was extremely pleased with you.
You visited 1 branch of the dungeon, and saw 2 of its levels.

You collected 104 gold pieces.
You spent 52 gold pieces at shops.

Inventory:

Hand Weapons
 a - a -1 mace of flaming (weapon)
Armour
 b - a +0 robe (worn)
Scrolls
 d - 2 scrolls of amnesia {unknown}
 e - 3 scrolls of fear {unknown}
 f - a scroll of fog {unknown}
 h - 3 scrolls of magic mapping {unknown}
 k - 2 scrolls of identify {unknown}
 l - 2 scrolls of immolation {unknown}
 m - a scroll of teleportation
Potions
 c - a potion of flight {unknown}
 g - a potion of heal wounds {unknown}
 i - a potion of attraction {unknown}
 j - a potion of brilliance {unknown}


   Skills:
 - Level 3.0 Fighting
 + Level 4.3 Maces & Flails
 - Level 1.0 Spellcasting
 - Level 3.0 Fire Magic


You had 4 spell levels left.
You didn't know any spells.
Your spell library contained the following spells:

 Spells                   Type           Power      Damage    Failure   Level
 Scorch                   Fire           18%        2d5       12%         2
 Animate Armour           Summ/Erth      0%         N/A       95%         4
 Blade Hands              Tmut           0%         N/A       100%        5
 Iron Shot                Conj/Erth      0%         9d1       100%        6


Dungeon Overview and Level Annotations

Branches:
Dungeon (2/15)

Altars:

Shops:
D:1 ?


Message History

A frilled lizard comes into view.
The quokka barely misses you. The quokka bites you.
You hit the quokka. You burn the quokka.
The quokka is heavily wounded.
The quokka twitches its whiskers.
The quokka bites you but does no damage.
The quokka closely misses you. The frilled lizard closely misses you.
You hit the quokka. You burn the quokka.
You kill the quokka!
The frilled lizard bites you but does no damage.
You thump the frilled lizard! You burn the frilled lizard.
You kill the frilled lizard!
No target in view!
You see here a frilled lizard corpse.
No target in view!
Found a stone staircase leading down.
l - 2 scrolls labelled AZIACH PANGOM (gained 1)
A kobold comes into view. It is wielding a +0 whip.
A kobold is nearby!
The kobold throws a stone.
The stone barely misses you.
A quokka comes into view.
You miss the kobold. The kobold barely misses you.
You completely miss the kobold. The kobold hits you with a +0 whip.
You closely miss the kobold. The kobold hits you with a +0 whip.
The quokka closely misses you. The kobold hits you but does no damage.
You closely miss the kobold. The quokka bites you.
The kobold hits you with a +0 whip. The quokka misses you.
You closely miss the quokka. The kobold barely misses you.
The quokka bites you.
You miss the quokka. The quokka closely misses you.
The kobold hits you with a +0 whip.
You hit the quokka but do no damage. The quokka barely misses you.
The kobold hits you with a +0 whip.
* * * LOW HITPOINT WARNING * * *
The quokka bites you.
* * * LOW HITPOINT WARNING * * *
The kobold attacks as you move away! The kobold misses you.
The quokka bites you.
You die...

#.# #.# #####.###
#.......# #.......####
###########...........
.......K##....)...#
.######r@.........#
#####
#.....>........†####....
#.##.#.#####.#.....+....
#..#.# #.##.†.##.... ...
#.# #.###........ ####
#.# #.# #........ #.#
#.# #........ .. #+#
##..###'# #.......


You could see a quokka and a kobold.

Vanquished Creatures
  3 dart slugs (D:1)
  2 endoplasms
  2 giant cockroaches
  A hobgoblin (D:1)
  2 jackals (D:2)
  3 quokkas
  2 ball pythons
  4 bats
  3 frilled lizards
  6 kobolds
28 creatures vanquished.

Notes
Turn   | Place    | Note
-------+----------+-------------------------------------------
     0 | D:1      | SnakkuSnakku7 the Human Cinder Acolyte began the quest for
                  | the Orb.
     0 | D:1      | Reached XP level 1. HP: 18/18 MP: 2/2
   150 | D:1      | Reached XP level 2. HP: 24/24 MP: 3/3
   505 | D:1      | Found Foilisuomn's Magic Scroll Emporium.
   508 | D:1      | Bought a scroll of noise for 13 gold pieces
   509 | D:1      | Bought a scroll of teleportation for 39 gold pieces
   561 | D:1      | Reached skill level 4 in Maces & Flails
   561 | D:1      | Reached XP level 3. HP: 16/29 MP: 4/4
  1009 | D:2      | Slain by a quokka

Illustrated notes

Levels and vault maps discovered:
D:1:      minmay_arrival_arboretum_small, layout_basic, serial_shops,
          nicolae_shop_behind_doors, dreamdust_mushroom_princess
D:2:      layout_basic, minmay_quadrilaterals, uniq_natasha

Skill      XL: |  1  2 |
---------------+-------+-----
Maces & Flails | 4 |  4.3
Fighting       | |  3.0
Spellcasting   | |  1.0
Fire Magic     | |  3.0

Action                     || total
---------------------------++-------
  Melee: Mace              ||    87
         Punch             ||     2
 Invoke: Fiery Armour      ||     1
 Armour: Robe              ||    29
  Dodge: Dodged            ||    91
